 Dungeon Crawl Stone Soup version coffee-0.2.0 (webtiles) character file.

Game seed: 3128041679456495332, levelgen mode: deterministic

46 Dorkslayer the Chopper (level 3, -1/29 HPs)
             Began as a Demonspawn Chaos Knight on Sept 7, 2020.
             Was a Plaything of Xom.
             Slain by a gnoll
             ... wielding a +0 spear of chaos
              (6 damage)
             ... on level 3 of the Dungeon.
             The game lasted 00:05:11 (1526 turns).

Dorkslayer the Chopper (Demonspawn Chaos Knight)    Turns: 1526, Time: 00:05:11

Health: -1/29      AC:  7    Str: 13    XL:     3   Next: 46%
Magic:  0/3        EV: 12    Int: 13    God:    Xom [*.....]
Gold:   81         SH:  0    Dex:  9    Spells: 2/2 levels left

rFire    . . .     SeeInvis +   a - +0 hand axe (chaos)
rCold    . . .     Gourm    .   (no shield)
rNeg     . . .     Faith    .   b - +2 leather armour
rPois    .         Spirit   +   (no helmet)
rElec    .         Reflect  .   (no cloak)
rCorr    .         Harm     .   (no gloves)
MR       .....                  k - +1 pair of boots "Muuf" {Dex-3 SInv Stlth+}
Stlth    +++.......             l - amulet of guardian spirit
HPRegen  0.09/turn              (no ring)
MPRegen  0.08/turn              (no ring)

@: cleaving, berserk cooldown, slowed, very slow
A: hooves 1, demonic guardian 1
a: Renounce Religion


You were on level 3 of the Dungeon.
You worshipped Xom.
You were a special plaything of Xom.
You were not hungry.

You visited 2 branches of the dungeon, and saw 4 of its levels.

You collected 81 gold pieces.

Inventory:

Hand Weapons
 a - a +0 hand axe of chaos (weapon)
Missiles
 h - 4 boomerangs (quivered)
Armour
 b - a +2 leather armour (worn)
 k - the +1 pair of boots "Muuf" (worn) {Dex-3 SInv Stlth+}
   (You found it on level 1 of the Dungeon)

   It affects your dexterity (-3).
   It lets you see invisible.
   It makes you more stealthy.
Jewellery
 l - an amulet of guardian spirit (around neck)
Wands
 f - a wand of enslavement (9)
Scrolls
 g - a scroll of remove curse
 i - 2 scrolls of teleportation
 o - a scroll of enchant armour
 p - a scroll of vulnerability
Potions
 e - a potion of resistance
 j - a potion of flight
Miscellaneous
 n - a sack of spiders
Comestibles
 c - a ration


   Skills:
 + Level 3.3(3.8) Fighting
 + Level 3.3 Axes
 + Level 2.0(3.0) Armour
 + Level 0.9(2.6) Dodging
 + Level 0.6(2.8) Stealth
 * Level 1.1 Evocations


You had 2 spell levels left.
You didn't know any spells.
Your spell library was empty.

Dungeon Overview and Level Annotations

Branches:
Dungeon (3/10)             Temple (1/1) D:2

Altars:

Shops:
D:1 *   D:2 =


Innate Abilities, Weirdness & Mutations

You have large cloven feet.
A weak demonic guardian rushes to your aid.


Message History

The gnoll freezes you.
* * * LOW HITPOINT WARNING * * *
You hit the gnoll.
You kill the gnoll!
Your Armour skill increases to level 2!
Your Evocations skill increases to level 1!
You are no longer berserk.
You are exhausted.
You feel yourself slow down. The gnoll barely misses you.
You swap places.
Xom makes a sudden noise!
You hear a rumbling sound.
Your ufetubus hits the gnoll. x2; Your ufetubus misses the gnoll.
Your ufetubus hits the gnoll.
The gnoll dies!
Your ufetubus barely misses the gnoll.
Your ufetubus misses the gnoll. The gnoll closely misses you.
Your ufetubus barely misses the gnoll.
Your ufetubus closely misses the gnoll.
Your ufetubus barely misses the gnoll.
Your ufetubus hits the gnoll.
The gnoll hits you from afar with a +0 spear of chaos.
You die...

..........#
#.####
..........#
#<...#
..........#
#######.##
......)...#
#.......#
#.......#
#.#####.# #..#
#.# ##g# #.# #5#
#.# #@## #.# #..#
#.#
#.>############.#
##.#.........##.#
#.#.#######.##.#
#.#.# #.##.#
#.#.# #.##.#
#.#.# #.##.##
#.#.# #.....#


You could see a gnoll and a friendly ufetubus.

Vanquished Creatures
  2 gnolls (D:3)
  An adder (D:2)
  A bat (D:1)
  3 goblins
  3 hobgoblins
  A frilled lizard (D:2)
  2 rats
13 creatures vanquished.

Vanquished Creatures (collateral kills)
  A gnoll (D:3)
1 creature vanquished.

Grand Total: 14 creatures vanquished

Notes
Turn   | Place    | Note
-------+----------+-------------------------------------------
     0 | D:1      | Dorkslayer the Demonspawn Chaos Knight began the quest for
                  | the Orb.
     0 | D:1      | Reached XP level 1. HP: 18/18 MP: 1/1
   388 | D:1      | Found Tiasaich's General Store.
   732 | D:1      | Got the +1 pair of boots "Muuf" {Dex-3 SInv Stlth+}
  1023 | D:2      | Gained mutation: You have large cloven feet. [demonic
                  | ancestry]
  1023 | D:2      | Reached XP level 2. HP: 24/24 MP: 2/2
  1080 | D:2      | XOM: cast spell 'Call Canine Familiar'
  1107 | D:2      | Found Tafyeli's Jewellery Emporium.
  1287 | D:2      | Found a staircase to the Ecumenical Temple.
  1376 | Temple   | Entered the Ecumenical Temple
  1395 | D:2      | XOM: divination: magic mapping
  1508 | D:3      | XOM: chaos upgrade
  1512 | D:3      | XOM: cleaving
  1521 | D:3      | Gained mutation: A weak demonic guardian rushes to your
                  | aid. [demonic ancestry]
  1521 | D:3      | Reached XP level 3. HP: 29/29 MP: 1/3
  1524 | D:3      | Reached skill level 1 in Evocations
  1525 | D:3      | XOM: noise
  1526 | D:3      | Slain by a gnoll

Levels and vault maps discovered:
D:1:      ncdulo_wetmaze, layout_basic, serial_shops, nicolae_shop_trees
D:2:      layout_basic, temple_pool_b, serial_shops, shop, first_ration
D:3:      layout_basic, serial_shops, kennysheep_little_box,
          kennysheep_generic_room_15, uniq_jessica
Temple:   dpeg_five_rooms_temple

Skill      XL: |  1  2  3 |
---------------+----------+-----
Axes           | 3 |  3.3
Armour         | 2 |  2.0
Evocations     | 1 |  1.1
Fighting       | |  3.3
Dodging        | |  0.9
Stealth        | |  0.6

Action                   || total
-------------------------++-------
Melee: Hand axe          ||    47
  Use: Potion            ||     2
 Stab: Sleeping          ||     3
  Eat: Ration            ||     1
       Chunk             ||     1
Armor: Leather armour    ||    16
Dodge: Dodged            ||    24
